 Dungeon Crawl Stone Soup version 0.30-a0-1160-g6e42c06551 (webtiles) character file.

Game seed: 4856748322934668230

1007 lunkers the Arsonist (level 8, -3/57 HPs)
             Began as a Meteoran Fire Elementalist on Apr 26, 2023.
             Slain by a centaur
             ... wielding a +0 spear
              (7 damage)
             ... on level 7 of the Dungeon.
             The game lasted 00:14:00 (2020 turns).

lunkers the Arsonist (Meteoran Fire Elementalist)   Turns: 2020, Time: 00:14:00

Health: -3/57      AC:  8    Str:  9    XL:     8   Next: 72%
Magic:  2/17       EV: 12    Int: 20    God:
Gold:   287        SH:  3    Dex: 14    Spells: 8/18 levels left

rFire   . . .        b - staff of conjuration
rCold   . . .        f - +0 buckler
rNeg    . . .        j - +0 robe
rPois   .            c - +1 helmet
rElec   .            (no cloak)
rCorr   .            d - +2 pair of gloves
SInv    .            h - +0 pair of boots
Will    +....        (no amulet)
Stlth   +            (no ring)
HPRegen 0.29/turn    (no ring)
MPRegen 0.15/turn

%: no passive effects
@: about to teleport, glowing
A: sense surroundings 1, otherworldly, glowing, explore regen
a: no special abilities


You were on level 7 of the Dungeon.
You visited 1 branch of the dungeon, and saw 7 of its levels.
You also visited: Sewer.

You collected 287 gold pieces.

Inventory:

Hand Weapons
 a - a +3 dagger of venom
Missiles
 k - 2 curare-tipped darts
Armour
 c - a +1 helmet (worn)
 d - a +2 pair of gloves (worn)
 f - a +0 buckler (worn)
 h - a +0 pair of boots (worn)
 j - a +0 robe (worn)
Magical Staves
 b - a staff of conjuration (weapon)
Wands
 o - a wand of flame (34)
 p - a wand of iceblast (16)
Scrolls
 e - 4 scrolls of teleportation
 q - 2 scrolls of identify
Potions
 g - 2 potions of curing
 i - 5 potions of flight
 l - a potion of might
 m - a potion of mutation
 n - a potion of magic


   Skills:
 - Level 2.4 Dodging
 - Level 1.4 Stealth
 + Level 5.9 Spellcasting
 + Level 5.3 Conjurations
 * Level 2.4 Translocations
 * Level 8.4 Fire Magic


You had 8 spell levels left.
You knew the following spells:

 Your Spells              Type           Power      Damage    Failure   Level
a - Foxfire               Conj/Fire      100%       2x1d9     1%          1
b - Scorch                Fire           78%        2d8       1%          2
c - Flame Wave            Conj/Fire      50%        2d12      10%         4
d - Volatile Blastmotes   Fire/Tloc      54%        2d14      5%          3

Your spell library contained the following spells:

 Spells                   Type           Power      Damage    Failure   Level
 Magic Dart               Conj           100%       1d8       1%          1
 Searing Ray              Conj           80%        2d7       2%          2
 Inner Flame              Hex/Fire       22%        N/A       9%          3
 Dazzling Flash           Conj/Hex       48%        N/A       17%         3
 Iskenderun's Mystic Bla  Conj/Tloc      32%        2d8       32%         4
 Fulminant Prism          Conj/Hex       12%        3d9       50%         4
 Starburst                Conj/Fire      25%        6d8       83%         6


Dungeon Overview and Level Annotations

Branches:
Dungeon (7/15) Zot: 2413    Sewer (visited)
 Temple: D:4-7

Altars:
Fedhas
Hepliaklqana


Innate Abilities, Weirdness & Mutations

You passively map a small area around you.
You are easily found by Zot.
You glow in the dark.
You regain HP and MP as you explore.


Message History

The centaur hits you but does no damage.
You block the centaur's attack.
The gnoll hits you from afar with a +0 spear!
* * * LOW HITPOINT WARNING * * *
Casting: Foxfire (safe; 1% risk of failure)
Press: ? - help, Q - select action, (/) - cycle Dir - look around, f - activate You feel a surge of power!
You conjure some foxfire!
* * * LOW MAGIC WARNING * * *
The foxfire hits the centaur.
The centaur is heavily wounded.
The foxfire hits the gnoll.
The gnoll is lightly wounded.
The foxfire hits the gnoll but does no damage.
The gnoll is lightly wounded.
The centaur hits you with a +0 spear.
* * * LOW HITPOINT WARNING * * *
The centaur barely misses you. The gnoll closely misses you.
Casting: Foxfire (safe; 1% risk of failure)
Press: ? - help, Q - select action, (/) - cycle Dir - look around, f - activate You feel a surge of power!
You conjure some foxfire!
* * * LOW MAGIC WARNING * * *
The foxfire hits the centaur.
The centaur is heavily wounded.
The foxfire hits the centaur but does no damage.
The centaur is heavily wounded.
The centaur hits you with a +0 spear.
* * * LOW HITPOINT WARNING * * *
The centaur kicks you but does no damage.
The centaur hits you with a +0 spear.
* * * LOW HITPOINT WARNING * * *
The centaur barely misses you.
The gnoll hits you from afar with a +0 spear.
* * * LOW HITPOINT WARNING * * *
As you read the scroll of teleportation, it crumbles to dust.
You feel strangely unstable.
The foxfire hits the gnoll!
The gnoll is severely wounded.
The foxfire hits the centaur.
The centaur is severely wounded.
The centaur hits you with a +0 spear!
You die...

* ... ##....###.## *
##..##.##......##.##
...##..........)...
, ,
..#....####.##..## *
* #.#.........##..#
##.#.............#
#.........######.# *
#ยง)c......# #.. # *
#.@.......# ###. ##.
##.#...#### *.
##...** #g#...# *
#.....###F#...#
,..........##### ,
#.....###.# , .....
#.# .g..** #.# ##.*
#.#


You could see a bullfrog, a centaur and a gnoll.

Vanquished Creatures
  A water moccasin (D:6)
  A black bear (D:6)
  An ogre (D:4)
  A bullfrog (D:7)
  2 scorpions (D:6)
  A gnoll sergeant (D:7)
  A howler monkey (D:6)
  A jelly (D:7)
  2 iguanas
  An orc wizard (D:3)
  A sickly merfolk siren (Sewer)
  A malarious merfolk avatar (Sewer)
  4 gnolls
  13 adders
  3 river rats (Sewer)
  A white imp (D:6)
  An ufetubus (D:6)
  A worm (D:3)
  A dart slug (D:3)
  9 orcs
  A bat (D:3)
  4 endoplasms
  3 giant cockroaches
  3 hobgoblins
  7 jackals
  3 quokkas
  15 ball pythons
  4 frilled lizards
  7 goblins
  3 kobolds
  18 rats
115 creatures vanquished.

Vanquished Creatures (others)
  189 foxfires
189 creatures vanquished.

Grand Total: 304 creatures vanquished

Notes
Turn   | Place    | Note
-------+----------+-------------------------------------------
     0 | D:1      | lunkers the Meteoran Fire Elementalist began the quest for
                  | the Orb.
     0 | D:1      | Reached XP level 1. HP: 14/14 MP: 5/5
    82 | D:1      | Reached XP level 2. HP: 20/20 MP: 1/6
   115 | D:1      | Reached skill level 4 in Fire Magic
   127 | D:1      | Reached XP level 3. HP: 17/26 MP: 1/8
   167 | D:1      | Learned a level 2 spell: Scorch
   411 | D:2      | Reached XP level 4. HP: 23/33 MP: 7/10
   455 | D:3      | Reached skill level 5 in Fire Magic
   455 | D:3      | Reached XP level 5. HP: 37/38 MP: 4/11
   494 | D:3      | Found a faded altar of an unknown god.
   684 | D:3      | Learned a level 4 spell: Flame Wave
   689 | D:3      | Learned a level 3 spell: Volatile Blastmotes
   830 | D:4      | Noticed an ogre
   835 | D:4      | Killed an ogre
   836 | D:4      | Reached skill level 6 in Fire Magic
   836 | D:4      | Reached XP level 6. HP: 45/45 MP: 5/13
   846 | D:4      | Found a hazy altar of Hepliaklqana.
  1080 | D:5      | Entered Level 5 of the Dungeon
  1367 | D:6      | Noticed a water moccasin
  1374 | D:6      | Killed a water moccasin
  1375 | D:6      | Reached XP level 7. HP: 44/50 MP: 4/15
  1427 | D:6      | Reached skill level 7 in Fire Magic
  1453 | D:6      | Reached skill level 5 in Spellcasting
  1460 | D:6      | Reached XP level 8. HP: 53/57 MP: 7/16
  1492 | D:6      | Found a glowing drain.
  1512 | Sewer    | Entered a sewer
  1633 | Sewer    | Reached skill level 8 in Fire Magic
  1691 | Sewer    | Reached skill level 5 in Conjurations
  1715 | Sewer    | Reached skill level 1 in Translocations
  1783 | D:6      | Found a blossoming altar of Fedhas.
  2020 | D:7      | Slain by a centaur

Illustrated notes

Levels and vault maps discovered:
D:1:      wheals_arrival_linesprint, layout_basic, serial_shops, shop,
          minmay_misc_feat_pillars
D:2:      layout_rooms, minmay_statues_item
D:3:      layout_basic, chequers_ecumenical_altar_simple_redux,
          hangedman_decor_diamond_cutter, st_stairs_7
D:4:      layout_gridville, lemuel_doored_altar, minmay_ruined_shrine
D:5:      layout_basic, kennysheep_cross_room
D:6:      layout_basic, fedhas_ov_isle_minmay, gup_sewer_entry_glass,
          dreamdust_mushroom_princess, uniq_crazy_yiuf_cottage,
          uniq_prince_ribbit1, uniq_edmund
D:7:      layout_loops_ring, mainiacjoe_overflow_concentric_impassable,
          minmay_temple_entry_wispy, minivault_19

Skill      XL: |  1  2  3  4  5  6  7  8 |
---------------+-------------------------+-----
Fire Magic     | 4 5 6 7 8 |  8.4
Spellcasting   | 3 4 5 |  5.9
Conjurations   | 2 3 4 5 |  5.3
Translocations | 2 |  2.4
Dodging        | |  2.4
Stealth        | |  1.4

Action                     |  1- 3 |  4- 6 |  7- 9 || total
---------------------------+-------+-------+-------++-------
  Melee: Unarmed           |     1 |       |       ||     1
         Staff             |       |     6 |    17 ||    23
         Dagger            |       |     4 |       ||     4
   Cast: Foxfire           |    34 |    46 |    31 ||   111
         Scorch            |       |    26 |    37 ||    63
         Volatile Blastmot |       |       |     6 ||     6
    Use: Scroll            |       |     6 |     5 ||    11
   Stab: Sleeping          |       |     1 |       ||     1
 Armour: Robe              |    18 |    12 |    30 ||    60
  Dodge: Dodged            |    17 |    15 |    34 ||    66
  Block: Buckler           |     1 |     3 |    11 ||    15

Table legend: (Time is in decaauts)
 A = Elapsed time spent in this place.
 B = Non-inter-level travel time spent in this place.
 C = Inter-level travel time spent in this place.
 D = Time resting spent in this place.
 E = Time spent auto-exploring this place.
 F = Levels seen in this place.
 G = Mean time per level.
                   A        B        C        D        E       F      G
               +--------+--------+--------+--------+--------+-----+--------+
         Total |   2052 |   1948 |    104 |      0 |   1136 |   8 |  256.5 |
       Dungeon |   1785 |   1681 |    104 |      0 |   1069 |   7 |  255.0 |
         Sewer |    266 |    266 |      0 |      0 |     67 |   1 |  266.0 |
               +--------+--------+--------+--------+--------+-----+--------+

Top non-repeatable levels by time:
     D:3: 378 daAuts
     D:1: 288 daAuts
     D:5: 266 daAuts
   Sewer: 266 daAuts
     D:4: 265 daAuts
     D:6: 261 daAuts
     D:7: 176 daAuts
     D:2: 147 daAuts
